 Dungeon Sprint DCSS version 0.05.1-2-g93bfe95158 (webtiles) character file.

Game seed: 708094900457784708, levelgen mode: deterministic

7301 diana the Carver (level 10, -9/103 HPs) Minotaur Gladiator. Began on May 29, 2021. Was the Champion of Makhleb. Mangled by a +2 glaive of molten steel (16 damage) ... in the Dungeon (Sprint V: "Ziggurat Sprint"). The game lasted 00:07:11 (445 turns).

diana the Carver (Minotaur Gladiator)                Turns: 445, Time: 00:07:12

Health: -9/103     AC: 31    Str: 33    XL:     10 ^: 541
Magic:  17/17      EV: 16    Int:  5    God:    Makhleb [6* [200]]
Gold:   0          SH:  5    Dex: 11    Spells: 9/9 levels left

rFire    . . .     Vision   .   F - +7 Screaming Sword {slice, sonic wave}
rCold    . . .     Gourm    .   I - +9 sword of Zonguldrok {reap}
rNeg     . . .     Faith    .   M - +15 Maxwell's patent armour {-Cast -Tele rElec MR+ rCorr}
rPois    .         Spirit   .   c - +0 hat
rElec    +         Reflect  +   (no cloak)
rCorr    +         Harm     .   (no gloves)
MR       .....     NoTele   +   (no boots) Stlth ..........NoCast +
                                o - amulet of reflection (curse) {(Curse: MR-)}
HPRegen  0.44/turn              A - ring of strength
MPRegen  0.27/turn              B - ring of strength

@: lethally poisoned (-9 -> -42)
A: horns, retaliatory headbutt 2
a: Minor Destruction, Lesser Servant of Makhleb, Major Destruction, Greater
Servant of Makhleb, Renounce Religion


You were in the Dungeon.
You worshipped Makhleb.
Makhleb was exalted by your worship.
You were not hungry.

You visited 1 branch

Inventory:

Weapons
 a - a +0 long sword
 F - the +7 Screaming Sword (weapon) {slice, sonic wave}
   (You found it in the Dungeon)

   It inflicts extra damage upon your enemies.
 G - the +11 plutonium sword {*Contam Stlth-}
   (You found it in the Dungeon)

   It causes magical contamination when unequipped.
   It makes you less stealthy.
 H - the +0 sword of Power
   (You found it in the Dungeon)
 I - the +9 sword of Zonguldrok (weapon) {reap}
   (You found it in the Dungeon)

   If a monster killed with it leaves a corpse in good enough shape, the corpse
   will be animated as a zombie friendly to the killer.
Armour
 c - a +0 hat (worn)
 K - a +5 crystal plate
 L - +5 gold dragon scales
 M - the +15 Maxwell's patent armour (worn) {-Cast -Tele rElec MR+ rCorr}
   (You found it in the Dungeon)

   It insulates you from electricity.
   It affects your resistance to hostile enchantments.
   It prevents spellcasting.
   It prevents most forms of teleportation.
   It provides partial protection from all sources of acid and corrosion.
Magical Staves
 O - the cursed +9 staff of Defence by Offence {flay, poison; rPois rF- Int+3 +Vis Stlth+, (Curse: *Contam)}
   (You took it off a wight in the Dungeon)

   [staff of poison]

   Base accuracy: +5 Base damage: 5 Base attack delay: 1.2 This weapon's minimum
   attack delay (0.6) is reached at skill level 12.
   Those struck with this staff may have their resistance to the elemental
   damage of its spells reduced.
   The odds of this reduction depend on the wielder's skill with hexes.
   Additionally boosts the power of hexes spells.
   It falls into the 'Staves' category.
   It is one handed.
   Its enchantment grants additive spellpower to the spells it enhances.
   It has a curse placed upon it.
   { (Curse: *Contam)}
Jewellery
 b - the cursed ring of Emeklal {rF+ Str+2 Int+5, (Curse: -Vis)}
   (You found it in the Dungeon)

   [ring of intelligence]

   It affects your strength (+2).
   It affects your intelligence (+5).
   It protects you from fire.
   It has a curse placed upon it.
   { (Curse: -Vis)}
 o - a cursed amulet of reflection (around neck) {(Curse: MR-)}
 w - an uncursed ring of dexterity
 x - an uncursed ring of dexterity
 y - an uncursed ring of intelligence
 z - an uncursed ring of intelligence
 A - a ring of strength (left hand)
 B - a ring of strength (right hand)
 X - an uncursed ring of magical power
 Z - an uncursed ring of protection from magic
Wands
 d - a wand of ensnaring (9)
 C - a wand of disintegration (7)
 D - a wand of iceblast (7)
 E - a wand of acid (7)
Scrolls
 k - 4 scrolls of blinking
 r - 4 scrolls of amnesia
 s - 7 scrolls of fog
 t - 2 scrolls of holy word
 u - 5 scrolls of bless item
 v - 2 scrolls of fear
Potions
 e - 10 potions of curing
 g - 13 potions of heal wounds
 h - 6 potions of haste
 i - 7 potions of magic
 j - 3 potions of berserk rage
 l - 2 potions of brilliance
 m - 2 potions of invisibility
 n - 4 potions of resistance
 p - 5 potions of agility
 q - 5 potions of might
Miscellaneous
 N - a lightning rod (2/4)
 Q - a lamp of fire
 U - a crystal ball of energy
 Y - 2 boxes of beasts
Comestibles
 f - 8 rations


   Skills:
 + Level 14.0 Fighting
 + Level 14.2 Long Blades
 + Level 13.8 Armour
 + Level 13.2 Dodging
 + Level 11.1 Evocations


You had 9 spell levels left.
You didn't know any spells.
Your spell library contained the following spells:

 Spells                   Type           Power        Failure   Level  Hunger
 Flame Tongue             Fire           0 (30)       75%         1    ##.....
 Sandblast                Erth           0 (50)       75%         1    ##.....
 Shock                    Air            0 (25)       75%         1    ##.....
 Passwall                 Tmut/Erth      0 (120)      87%         2    ###....
 Scorpion Form            Tmut/Pois      0 (200)      98%         3    ####...
 Stone Arrow              Erth           0 (50)       98%         3    ####...
 Petrify                  Tmut/Erth      0 (100)      100%        4    #####..
 Sticky Flame             Fire/Pois      0 (100)      100%        4    #####..
 Lee's Rapid Deconstruct  Erth           0 (200)      100%        5    ######.
 Methodical Deconstructi  Erth           0 (200)      100%        5    ######.
 Silence                  Hex/Air        0 (200)      100%        5    ######.
 Summon Lightning Spire   Summ/Air       0 (100)      100%        5    ######.
 Conjure Ball Lightning   Air            0 (200)      100%        6    #######
 Deflect Missiles         Chrm/Air       0 (200)      100%        6    #######
 Tornado                  Air            0 (200)      100%        9    #######


Dungeon Overview and Level Annotations

Branches:
Dungeon (1/1)

Altars:
Ashenzari
Cheibriados
Dithmenos
Elyvilon
Fedhas Madash
Gozag Ym Sagoz
Hepliaklqana
Kikubaaqudgha
Makhleb
Nemelex Xobeh
Okawaru
Qazlal
Ru
Sif Muna
Trog
Uskayaw
Vehumet
Wu Jian
Xom
Yredelemnul
Zin
The Shining One Bahamut & Tiamat
Beogh
Jiyva
Lugonu


Innate Abilities, Weirdness & Mutations

You reflexively attack those that strike you in melee with your horns.


Message History

The deep elf elementalist seems to speed up.
The +2 glaive of molten steel barely misses you (0).
The deep elf sorcerer is engulfed in blazing flames (8)!
Unknown command.
Unknown command.
Okay, then.
You feel much better.
You feel sick. (2)
The +6 trident of venom is engulfed in blazing flames (1).
The +6 trident of venom hits you but does no damage.
You are more poisoned.
The deep elf sorcerer is engulfed in blazing flames (5).
The deep elf high priest invokes the aid of its god against you.
Something smites you!
* * * LOW HITPOINT WARNING * * *
The +6 trident of venom hits you from afar (5).
* * * LOW HITPOINT WARNING * * *
You are more poisoned.
The +2 glaive of molten steel hits you from afar (16)!
You die...

▓....|....▓
▓..§==))..▓...||.}..▓
▓.§§......▓.........▓
▓.§.§.....▓......†..▓
▓..§§e....▓.........▓
▓..§ee....▓.....=...▓
▓.e((§e...▓.........▓
▓.▓.§§..▓.▓....©....▓
▓...@©....▓▓▓▓▓▓▓▓▓▓▓
▓▓▓▓▓▓▓▓▓▓▓


You could see 2 deep elf sorcerers, a deep elf elementalist, a deep elf archer,
a deep elf high priest and 2 dancing weapons.

Vanquished Creatures
  A spriggan druid (D)
  A deep elf mage (D)
  6 draconians (D)
  A rime drake (D)
  2 hornets (D)
  5 spriggans (D)
  2 yaks (D)
  A water elemental (D)
  A tarantella (D)
  2 nagas (D)
  A water moccasin (D)
  A hell hound (D)
  A scorpion (D)
  4 black bears (D)
  2 wolves (D)
  4 bullfrogs (D)
  A quasit (D)
  A wight (D)
  A crimson imp (D)
  An iron imp (D)
  2 shadow imps (D)
  An adder (D)
  A white imp (D)
  An ufetubus (D)
  A giant cockroach zombie (D)
  An adder skeleton (D)
  An adder zombie (D)
  5 ball pythons (D)
  A bat skeleton (D)
  A bat zombie (D)
54 creatures vanquished.

Vanquished Creatures (collateral kills)
  A deep elf archer (D)
  A necrophage (D)
  2 black bears (D)
  An adder (D)
5 creatures vanquished.

Grand Total: 59 creatures vanquished

Notes
Turn   | Place    | Note
-------+----------+-------------------------------------------
     0 | D        | diana the Minotaur Gladiator began the quest for the Orb.
     0 | D        | Reached XP level 1. HP: 18/18 MP: 1/1
     0 | D        | Found a shimmering blue altar of Sif Muna.
     0 | D        | Found a sacrificial altar of Ru.
     0 | D        | Found a bloodstained altar of Trog.
     0 | D        | Found a stormy altar of Qazlal.
     0 | D        | Found an iron altar of Okawaru.
     0 | D        | Found a sparkling altar of Nemelex Xobeh.
     0 | D        | Found a blossoming altar of Fedhas.
     1 | D        | Found the +6 Majin-Bo {vampiric, corrupt archmagi; MP+6
                  | Int+6}
     1 | D        | Found the +9 ballista "Sniper" {velocity, Acc+∞ +Vis}
     1 | D        | Found the +10 dark maul {crush}
     1 | D        | Found the +15 Maxwell's patent armour {-Cast -Tele rElec
                  | MR+ rCorr}
     1 | D        | Found the +18 shield of the Gong {rElec rN+ MR+ EV-5}
     1 | D        | Found the +14 obsidian axe {chop, +Fly +Vis Soulbond}
     1 | D        | Found the +7 great mace "Firestarter" {inner flame, rF++}
     1 | D        | Found the +6 shillelagh "Devastator" {shatter}
     1 | D        | Found the +11 plutonium sword {*Contam Stlth-}
     1 | D        | Found the +8 lance "Wyrmbane" {slay drac, rPois rF+ rC+
                  | AC+3}
     1 | D        | Found the +9 sword of Zonguldrok {reap}
     1 | D        | Found the +13 scythe of Curses {drain, Soulbond}
     1 | D        | Found the +0 sword of Power
     1 | D        | Found the +7 mace of Variability {chain chaos}
     1 | D        | Found the +7 Singing Sword {slice, sonic wave}
     1 | D        | Found the +8 storm bow {elec, penet}
     2 | D        | Found a transporter.
     2 | D        | Found an ancient bone altar of Kikubaaqudgha.
     2 | D        | Found a viscous altar of Jiyva.
     2 | D        | Found a corrupted altar of Lugonu.
     2 | D        | Found a hazy altar of Hepliaklqana.
     2 | D        | Found a burning altar of Makhleb.
     2 | D        | Found an opulent altar of Gozag.
    50 | D        | Became a worshipper of Makhleb the Destroyer
    94 | D        | Reached skill level 5 in Long Blades
    94 | D        | Reached XP level 2. HP: 28/28 MP: 1/3
   110 | D        | Entered arena 2.
   110 | D        | Noticed a tarantella
   110 | D        | Noticed a scorpion
   110 | D        | Found a transporter.
   112 | D        | Killed a scorpion
   112 | D        | Reached skill level 5 in Armour
   112 | D        | Reached XP level 3. HP: 37/37 MP: 3/5
   112 | D        | Reached XP level 4. HP: 44/44 MP: 3/6
   112 | D        | Killed a tarantella
   112 | D        | Reached skill level 5 in Evocations
   112 | D        | Reached XP level 5. HP: 52/52 MP: 3/8
   126 | D        | Entered arena 3.
   126 | D        | Noticed a necrophage
   126 | D        | Found a transporter.
   128 | D        | Reached * piety under Makhleb
   128 | D        | Killed a necrophage
   128 | D        | Reached XP level 6. HP: 61/61 MP: 6/9
   133 | D        | Got the cursed +9 staff of Defence by Offence {flay,
                  | poison; rPois rF- Int+3 +Vis Stlth+, (Curse: *Contam)}
   145 | D        | Entered arena 4.
   145 | D        | Noticed a naga
   145 | D        | Found a transporter.
   146 | D        | Reached ** piety under Makhleb
   149 | D        | Killed a naga
   205 | D        | Entered arena 5.
   205 | D        | Found a transporter.
   206 | D        | Found the +2 cloak of the Thief {+Fog Slay-2 +Vis Stlth+}
   207 | D        | Reached *** piety under Makhleb
   207 | D        | Reached XP level 7. HP: 69/69 MP: 10/10
   226 | D        | Entered arena 6.
   226 | D        | Found a transporter.
   227 | D        | Reached **** piety under Makhleb
   230 | D        | Reached ***** piety under Makhleb
   241 | D        | Got the Tome of the Volcanoes
   247 | D        | Entered arena 7.
   247 | D        | Noticed a draconian
   247 | D        | Noticed a draconian
   247 | D        | Noticed a draconian
   247 | D        | Noticed a draconian
   247 | D        | Noticed a draconian
   247 | D        | Noticed a draconian
   253 | D        | Killed a draconian
   253 | D        | Reached skill level 10 in Long Blades
   253 | D        | Reached XP level 8. HP: 79/79 MP: 12/12
   254 | D        | Found a transporter.
   254 | D        | Killed a draconian
   254 | D        | Reached skill level 10 in Fighting
   254 | D        | Reached skill level 10 in Armour
   254 | D        | Reached skill level 10 in Dodging
   254 | D        | Killed a draconian
   254 | D        | Killed a draconian
   254 | D        | Reached XP level 9. HP: 89/89 MP: 12/14
   256 | D        | Killed a draconian
   257 | D        | Killed a draconian
   286 | D        | Entered arena 8.
   286 | D        | Noticed a spriggan rider
   286 | D        | Noticed a spriggan rider
   290 | D        | Reached ****** piety under Makhleb
   293 | D        | Found a transporter.
   295 | D        | Reached XP level 10. HP: 100/100 MP: 16/16
   312 | D        | Entered arena 9.
   312 | D        | Noticed a spriggan druid
   313 | D        | Found a transporter.
   315 | D        | Killed a spriggan druid
   315 | D        | Reached skill level 10 in Evocations
   343 | D        | Entered arena 10.
   344 | D        | Found a transporter.
   374 | D        | Entered arena 11.
   375 | D        | Found a transporter.
   412 | D        | Got the cursed ring of Emeklal {rF+ Str+2 Int+5, (Curse:
                  | -Vis)}
   437 | D        | Entered arena 12.
   437 | D        | Noticed a deep elf sorcerer
   437 | D        | Noticed a deep elf archer
   437 | D        | Noticed a deep elf mage
   437 | D        | Noticed a +6 trident of venom
   437 | D        | Noticed a deep elf archer
   437 | D        | Noticed a deep elf high priest
   437 | D        | Noticed a +2 glaive of molten steel
   439 | D        | Noticed a deep elf elementalist
   440 | D        | Noticed a deep elf sorcerer
   442 | D        | Killed a deep elf archer
   443 | D        | Killed a deep elf mage
   445 | D        | Mangled by a +2 glaive of molten steel

Levels and vault maps discovered:
D:        sprint_v [room_start, room_1, room_2, room_3, room_4, room_5, room_6,
          room_7, room_8, room_9, room_10, room_11, room_12, room_13, room_14,
          room_15, room_16, room_17, room_18, room_19, room_20, room_21,
          room_22, room_23, room_24, room_25, room_26, room_27]

Skill      XL: |  1  2  3  4  5  6  7  8  9 10 |
---------------+-------------------------------+-----
Fighting       | 4 6 7 8 9 11 12 14 | 14.0
Long Blades    | 5 6 7 8 9 10 11 12 14 | 14.2
Armour         | 3 5 6 7 8 9 10 12 13 | 13.8
Dodging        | 4 6 7 8 9 10 11 13 | 13.2
Evocations     | 3 4 5 6 7 8 9 11 | 11.1

Action                   |  1- 3 |  4- 6 |  7- 9 | 10-12 || total
-------------------------+-------+-------+-------+-------++-------
Melee: Double sword      |       |    12 |    12 |    22 ||    46
       Headbutt          |       |     1 |     2 |     2 ||     5
Evoke: Lightning rod     |     1 |     4 |     7 |     9 ||    21
       Box of beasts     |       |       |     1 |       ||     1
       Lamp of fire      |       |       |       |     1 ||     1
  Use: Potion            |     1 |       |       |     1 ||     2
Armor: Plate armour      |     1 |     5 |     5 |    28 ||    39
Dodge: Dodged            |       |     5 |     8 |    10 ||    23
Block: Other             |       |       |     1 |     9 ||    10
       Reflection        |       |       |     1 |       ||     1
       Rpst.: Double sword |       |     1 |     2 |     1 ||     4
